 Dungeon Crawl Stone Soup version 0.29.1-12-g30fa7ad0bf (webtiles) character file.

Game seed: 18225860729523896591

183 melloss the Sneak (level 5, -2/24 HPs)
             Began as a Spriggan Enchanter on Dec 25, 2022.
             Killed from afar by an orc wizard (9 damage)
             ... with a magic dart
             ... on level 4 of the Dungeon.
             The game lasted 00:11:13 (2620 turns).

melloss the Sneak (Spriggan Enchanter)              Turns: 2620, Time: 00:11:14

Health: -2/24      AC:  2    Str:  4    XL:     5   Next: 35%
Magic:  4/10       EV: 18    Int: 17    God:
Gold:   144        SH:  0    Dex: 23    Spells: 3/9 levels left

rFire   . . .      SeeInvis +   j - +1 dagger (venom)
rCold   . . .      Faith    .   (no shield)
rNeg    . . .      Spirit   .   b - +0 robe
rPois   .          Reflect  .   (helmet restricted)
rElec   .          Harm     .   (no cloak)
rCorr   .          Rampage  .   (gloves unavailable)
Will    .....                   (boots unavailable)
Stlth   ++++......              p - amulet of regeneration
HPRegen 0.88/turn               l - +6 ring of dexterity
MPRegen 0.12/turn               (no ring)

@: very quick
A: very small, no large weapons, unfitting armour, see invisible, speed 3
a: no special abilities


You were on level 4 of the Dungeon.
You visited 1 branch of the dungeon, and saw 4 of its levels.
You also visited: Sewer.

You collected 144 gold pieces.

Inventory:

Hand Weapons
 a - a +1 dagger
 e - a +0 dagger of venom
 j - a +1 dagger of venom (weapon)
 r - a +1 short sword of venom
 E - a +2 dagger of speed
Missiles
 n - 2 throwing nets (quivered)
 o - 24 stones
 A - 3 boomerangs of dispersal
Armour
 b - a +0 robe (worn)
 m - a +0 buckler
Jewellery
 l - a +6 ring of dexterity (left hand)
 p - an amulet of regeneration (around neck)
 z - an amulet of reflection
Wands
 C - a wand of paralysis (1)
 D - a wand of digging (7)
Scrolls
 g - 4 scrolls of teleportation {unknown}
 h - a scroll of torment {unknown}
 i - a scroll of vulnerability {unknown}
 k - a scroll of fear {unknown}
 q - a scroll of amnesia {unknown}
 t - a scroll of magic mapping {unknown}
 w - 2 scrolls of enchant armour {unknown}
 y - a scroll of silence {unknown}
Potions
 c - 3 potions of invisibility
 d - 4 potions of heal wounds {unknown}
 f - a potion of magic {unknown}
 s - 2 potions of mutation {unknown}
 u - a potion of haste {unknown}
 v - a potion of curing {unknown}
 x - a potion of lignification {unknown}
 B - 2 potions of flight {unknown}


   Skills:
 + Level 4.1 Short Blades
 - Level 2.6 Dodging
 + Level 7.4 Stealth
 - Level 2.6 Spellcasting
 - Level 3.6 Hexes


You had 3 spell levels left.
You knew the following spells:

 Your Spells              Type           Power      Damage    Failure   Level
a - Ensorcelled Hibernat  Hex/Ice        16%        N/A       13%         2
b - Confusing Touch       Hex            14%        N/A       12%         3
c - Shock                 Conj/Air       8%         1d3       19%         1

Your spell library contained the following spells:

 Spells                   Type           Power      Damage    Failure   Level
 Slow                     Hex            56%        N/A       4%          1
 Tukima's Dance           Hex            14%        N/A       12%         3
 Dazzling Flash           Conj/Hex       16%        N/A       26%         3
 Swiftness                Air            2%         N/A       47%         3
 Vampiric Draining        Necr           2%         2d6       47%         3
 Airstrike                Air            1%         2d(1-17)  87%         4


Dungeon Overview and Level Annotations

Branches:
Dungeon (4/15)              Sewer (visited)
 Temple: D:4-7

Altars:
The Shining One

Shops:
D:1 [   D:2 :

Annotations:
D:3 superradish's ghost, weakling DsDe


Innate Abilities, Weirdness & Mutations

You are very small and have problems with some larger weapons.
You are too small for most types of armour.
You have supernaturally acute eyesight. (SInv)
You cover ground extremely quickly. (Speed+++)


Message History

The orc wizard shouts!
Things that are here:
a +0 short sword; a kobold corpse
Casting: Ensorcelled Hibernation (safe; 13% risk of failure)
Confirm with . or Enter, or press ? or * to list all spells.
Aiming: Ensorcelled Hibernation (safe; 13% risk of failure)
Press: ? - help, Shift-Dir - straight line, f - orc
Aim: an orc, wielding a +0 dagger and wearing a +0 leather armour (chance to affect: 59%)
The orc wizard is unaffected.
The orc priest shouts!
Casting: Ensorcelled Hibernation (safe; 13% risk of failure)
Confirm with . or Enter, or press ? or * to list all spells.
Aiming: Ensorcelled Hibernation (safe; 13% risk of failure)
Press: ? - help, Shift-Dir - straight line, f - orc wizard, p - orc
Aim: an orc wizard, wielding a +0 dagger and wearing a +2 robe of resistance (not susceptible)
The orc wizard is unaffected.
The endoplasm quivers.
The orc wizard points at you and mumbles some strange words.
The puff of flame hits you!
Casting: Ensorcelled Hibernation (safe; 13% risk of failure)
Confirm with . or Enter, or press ? or * to list all spells.
Aiming: Ensorcelled Hibernation (safe; 13% risk of failure)
Press: ? - help, Shift-Dir - straight line, f - orc, p - orc wizard
Aim: an orc, wielding a +0 dagger and wearing a +0 leather armour (chance to affect: 59%)
The orc looks drowsy...
The orc wizard casts a spell.
The orc wizard flickers and vanishes for a moment.
The helpless orc fails to defend itself.
You skewer the orc like a kebab!!!
You kill the orc!
The orc priest begins to cast a cantrip, but forgets the words!
The orc wizard misses you.
You see here a +0 ring mail.
The orc priest invokes the aid of Beogh against you.
Pain shoots through your body!
Ouch! That really hurt!
* * * LOW HITPOINT WARNING * * *
The orc wizard points at you and mumbles some strange words.
The magic dart hits you!
You die...

######.### ##
##........## #.##
..........#
.....##..........
...#............#
..............###
...............#
....
........@.......
.... ###....####..##
.... #......#....
....####...........
...#..#...[...#.....
.. #...ooo)).##.....
###.# ###.......#
.... .#..##
#)J.....# ... .....#
#........# ...


You could see an orc priest, an orc wizard (invisible), an orc and an endoplasm.

Vanquished Creatures
  A hound (D:2)
  3 gnolls (D:3)
  5 adders
  2 worms
  A dart slug (D:1)
  5 orcs
  4 bats
  9 endoplasms
  2 giant cockroaches (D:1)
  7 goblins
  3 hobgoblins
  7 jackals
  A quokka (D:2)
  3 ball pythons
  3 frilled lizards
  6 kobolds
  5 rats
67 creatures vanquished.

Vanquished Creatures (others)
  5 plants (D:3)
5 creatures vanquished.

Grand Total: 72 creatures vanquished

Notes
Turn   | Place    | Note
-------+----------+-------------------------------------------
     0 | D:1      | melloss the Spriggan Enchanter began the quest for the Orb.
     0 | D:1      | Reached XP level 1. HP: 9/9 MP: 5/5
   281 | D:1      | Reached XP level 2. HP: 13/13 MP: 6/6
   285 | D:1      | Learned a level 2 spell: Ensorcelled Hibernation
   294 | D:1      | Reached skill level 5 in Stealth
   605 | D:1      | Found Gumasku's Antique Armour Boutique.
  1019 | D:2      | Reached XP level 3. HP: 16/16 MP: 8/8
  1075 | D:2      | Learned a level 3 spell: Confusing Touch
  1077 | D:2      | Learned a level 1 spell: Shock
  1131 | D:2      | Found Hikhledd's Vocational Training.
  1185 | D:2      | Found a glowing golden altar of the Shining One.
  1444 | D:3      | Found a transporter.
  1492 | D:3      | Reached skill level 6 in Stealth
  1535 | D:3      | Found a faded altar of an unknown god.
  1675 | D:3      | Reached XP level 4. HP: 20/21 MP: 9/9
  1698 | D:3      | Found a glowing drain.
  1716 | Sewer    | Entered a sewer
  1746 | Sewer    | Noticed Pargi
  2202 | D:3      | Found a transporter.
  2287 | D:3      | Reached skill level 7 in Stealth
  2287 | D:3      | Reached XP level 5. HP: 24/24 MP: 5/10
  2309 | D:3      | Noticed superradish's ghost (weakling DsDe)
  2457 | D:3      | HP: 1/24 [iguana (10)]
  2620 | D:4      | Killed from afar by an orc wizard

Illustrated notes

Levels and vault maps discovered:
D:1:      mrwooster_arrival_statue_2, layout_rooms, serial_shops, shop
D:2:      layout_basic, basic_altar, nicolae_shop_vocational
D:3:      layout_loops_ring, portal_sewer_entry_d, basic_ecumenical_altar,
          gammafunk_ghost_gnarly_gnolls, kennysheep_nondescript
D:4:      layout_cave_pools, okawaru_altar_gauntlet_db,
          mainiacjoe_overflow_catwalk, grunt_dithmenos_smoke_and_mirrors,
          mainiacjoe_overflow_alcove_1

Skill      XL: |  1  2  3  4  5 |
---------------+----------------+-----
Stealth        | 5 6 7 |  7.4
Short Blades   | 2 3 4 |  4.1
Dodging        | |  2.6
Spellcasting   | |  2.6
Hexes          | |  3.6

Action                   |  1- 3 |  4- 6 || total
-------------------------+-------+-------++-------
Melee: Dagger            |   100 |    70 ||   170
       Punch             |     2 |     1 ||     3
Throw: Stone             |     2 |       ||     2
 Cast: Ensorcelled Hiber |       |    15 ||    15
       Shock             |       |     1 ||     1
  Use: Scroll            |     1 |       ||     1
 Stab: Sleeping          |    14 |    10 ||    24
Armor: Robe              |     2 |     5 ||     7
Dodge: Dodged            |    38 |   104 ||   142
